 Dungeon Crawl Stone Soup version 0.29-a0-340-g6efceafd81 (webtiles) character file.

Game seed: 9758710106928804317

375 bande the Covered (level 6, -1/39 HPs)
             Began as a Gargoyle Fighter on Apr 19, 2022.
             Killed by divine providence
             ... invoked by an orc priest
              (8 damage)
             ... on level 4 of the Dungeon.
             The game lasted 00:04:50 (4312 turns).

bande the Covered (Gargoyle Fighter)                Turns: 4312, Time: 00:04:50

Health: -1/39      AC: 14    Str: 19    XL:     6   Next: 73%
Magic:  6/6        EV:  7    Int:  9    God:
Gold:   182        SH:  5    Dex: 11    Spells: 5/5 levels left

rFire   . . .      SeeInvis .   a - +1 war axe
rCold   . . .      Faith    .   c - +1 buckler
rNeg    + . .      Spirit   .   k - +0 chain mail
rPois   ∞          Reflect  .   (no helmet)
rElec   +          Harm     .   (no cloak)
rCorr   .          Rampage  .   (no gloves)
Will    .....                   (no boots)
Stlth   ..........              (no amulet)
HPRegen 0.13/turn               (no ring)
MPRegen 0.10/turn               (no ring)

@: no status effects
A: sickness immunity, AC +4, negative energy resistance 1, electricity
resistance, torment resistance 1, petrification resistance
a: no special abilities


You were on level 4 of the Dungeon.
You visited 1 branch of the dungeon, and saw 4 of its levels.

You collected 182 gold pieces.

Inventory:

Hand Weapons
 a - a +1 war axe (weapon)
Armour
 c - a +1 buckler (worn)
 k - a +0 chain mail (worn)
Jewellery
 e - a ring of ice
Scrolls
 g - a scroll of enchant weapon
 i - 2 scrolls of teleportation
Potions
 d - a potion of might
 f - a potion of invisibility
 h - a potion of berserk rage
 j - 2 potions of curing


   Skills:
 + Level 4.6 Fighting
 + Level 4.6 Axes
 + Level 4.6 Armour
 + Level 3.9 Shields


You had 5 spell levels left.
You didn't know any spells.
Your spell library contained the following spells:

 Spells                   Type           Power      Damage    Failure   Level
 Animate Skeleton         Necr           0%         N/A       99%         1
 Pain                     Necr           0%         1d4       99%         1
 Static Discharge         Conj/Air       0%         N/A       100%        2
 Call Canine Familiar     Summ           0%         N/A       100%        3
 Portal Projectile        Hex/Tloc       0%         N/A       100%        3
 Vampiric Draining        Necr           0%         2d6       100%        3
 Leda's Liquefaction      Hex/Erth       0%         N/A       100%        4
 Agony                    Necr           0%         N/A       100%        5
 Alistair's Intoxication  Tmut/Pois      0%         N/A       100%        5
 Borgnjor's Vile Clutch   Necr/Erth      0%         N/A       100%        5
 Excruciating Wounds      Necr           0%         N/A       100%        5
 Lightning Bolt           Conj/Air       0%         1d11      100%        5
 Eringya's Noxious Bog    Tmut/Pois      0%         N/A       100%        6
 Maxwell's Capacitive Co  Air            0%         ∞         100%        8


Dungeon Overview and Level Annotations

Branches:
Dungeon (4/15)
 Temple: D:4-7

Altars:
Dithmenos
Hepliaklqana
Makhleb
Ru
Vehumet
Wu Jian
Yredelemnul
Zin

Shops:
D:4 *


Innate Abilities, Weirdness & Mutations

You are immune to sickness and miasma.
Your stone body is resilient. (AC +4)
You are immune to poison.
You resist negative energy. (rN+)
You are resistant to electric shocks. (rElec)
You are resistant to unholy torment.
You are immune to petrification.


Message History

You hit the orc.
You kill the orc!
You slash the orc wizard! You barely miss the orc priest.
You hit the orc priest.
The orc wizard hits you with a +0 dagger.
The orc priest hits you with a +0 club.
The orc priest hits you but does no damage.
You closely miss the orc wizard.
The orc wizard is heavily wounded.
You slash the orc priest! You hit the orc priest.
The orc wizard gestures at you while chanting.
You resist with some effort.
The orc priest hits you with a +0 hand axe.
The orc priest hits you with a +0 club.
You slash the orc wizard!
You kill the orc wizard!
You closely miss the orc priest. You slash the orc priest!
You kill the orc priest!
The orc priest hits you but does no damage.
The orc wizard hits you but does no damage.
The orc priest hits you with a +0 club.
You hit the orc wizard but do no damage.
You barely miss the orc priest.
The orc priest hits you but does no damage.
You block the orc wizard's attack.
Unknown command.
You closely miss the orc wizard. You barely miss the orc priest.
You block the orc priest's attack. The orc wizard barely misses you.
Unknown command.
You miss the orc wizard. You closely miss the orc priest.
The orc priest calls down the wrath of Beogh upon you.
Beogh smites you!
* * * LOW HITPOINT WARNING * * *
The orc wizard gestures at you while chanting.
The magic dart hits you.
* * * LOW HITPOINT WARNING * * *
The orc wizard hits you but does no damage.
The orc priest calls down the wrath of Beogh upon you.
Beogh smites you!
You die...

#.# #.# ##.#
#... #..# #..#
###oo#####
#).)@)...####
.##.....##.....
#...(........##
#.##.....##.####
# #...........#
...##.#.......#
...
#.#.......###.
..
#.#...........
#.............


You could see an orc priest and an orc wizard.

Vanquished Creatures
  A sky beast (D:3)
  An orc priest (D:4)
  3 iguanas (D:4)
  Natasha (D:4)
  2 orc wizards
  4 adders
  A dart slug (D:3)
  6 orcs
  5 endoplasms
  7 goblins
  3 hobgoblins
  6 jackals
  A quokka (D:3)
  7 ball pythons
  2 bats
  4 frilled lizards
  7 kobolds
  6 rats
67 creatures vanquished.

Vanquished Creatures (others)
  A plant (D:3)
1 creature vanquished.

Grand Total: 68 creatures vanquished

Notes
Turn   | Place    | Note
-------+----------+-------------------------------------------
     0 | D:1      | bande the Gargoyle Fighter began the quest for the Orb.
     0 | D:1      | Reached XP level 1. HP: 14/14 MP: 1/1
   344 | D:1      | Reached XP level 2. HP: 19/19 MP: 2/2
  1423 | D:2      | Reached XP level 3. HP: 20/24 MP: 3/3
  1597 | D:2      | Found a faded altar of an unknown god.
  2634 | D:3      | Reached XP level 4. HP: 21/29 MP: 4/4
  2638 | D:3      | HP: 1/29 [orc/+0 club (3)]
  3023 | D:3      | Noticed a sky beast
  3045 | D:3      | Killed a sky beast
  3046 | D:3      | Reached XP level 5. HP: 25/33 MP: 5/5
  3299 | D:3      | Found a burning altar of Makhleb.
  3299 | D:3      | Found a shadowy altar of Dithmenos.
  3303 | D:3      | Found a sacrificial altar of Ru.
  3304 | D:3      | Found a radiant altar of Vehumet.
  3306 | D:3      | Found a glowing silver altar of Zin.
  3307 | D:3      | Found an ornate altar of the Wu Jian Council.
  3309 | D:3      | Found a hazy altar of Hepliaklqana.
  3315 | D:3      | Found a basalt altar of Yredelemnul.
  3671 | D:4      | Reached XP level 6. HP: 30/38 MP: 6/6
  3863 | D:4      | Found Zoqial Buic's Neck Hole.
  4286 | D:4      | Noticed Natasha
  4291 | D:4      | Killed Natasha
  4312 | D:4      | Killed from afar by an orc priest

Illustrated notes

Levels and vault maps discovered:
D:1:      mrwooster_arrival_statue_2, layout_basic,
          hangedman_decor_clover_reticule
D:2:      layout_loops_corners, hellmonk_ecumenical_altar_crossroads,
          hangedman_decor_growths, kennysheep_nub
D:3:      layout_rooms, nicolae_overflow_hallway_of_the_gods, chequers_big_river
D:4:      layout_loops_ring, nicolae_shop_sticking_my_neck_out, uniq_natasha

Skill      XL: |  1  2  3  4  5  6 |
---------------+-------------------+-----
Axes           | 2 3 4 |  4.6
Armour         | 4 |  4.6
Fighting       | 4 |  4.6
Shields        | |  3.9

Action                   |  1- 3 |  4- 6 || total
-------------------------+-------+-------++-------
Melee: War axe           |   107 |   103 ||   210
  Use: Scroll            |     7 |     4 ||    11
Armor: Scale mail        |    67 |     4 ||    71
       Chain mail        |       |    58 ||    58
Dodge: Dodged            |    49 |    41 ||    90
Block: Buckler           |    28 |    23 ||    51

Table legend: (Time is in decaauts)
 A = Elapsed time spent in this place.
 B = Non-inter-level travel time spent in this place.
 C = Inter-level travel time spent in this place.
 D = Time resting spent in this place.
 E = Time spent auto-exploring this place.
 F = Levels seen in this place.
 G = Mean time per level.
                   A        B        C        D        E       F      G
               +--------+--------+--------+--------+--------+-----+--------+
         Total |   4409 |   4274 |    135 |    762 |   2938 |   4 | 1102.2 |
       Dungeon |   4409 |   4274 |    135 |    762 |   2938 |   4 | 1102.2 |
               +--------+--------+--------+--------+--------+-----+--------+

Top non-repeatable levels by time:
     D:2: 1486 daAuts
     D:1: 1434 daAuts
     D:3: 809 daAuts
     D:4: 679 daAuts
